AoeStats
← [KMNB] Bandeira

African Clearing

506542228Analyzed
4v4 RM · 19d ago on Sep 14, 2026· 35m 17s· 8 players
Game mode
Random Map
Map size
Large (8 player)
Population
200
Speed
Normal
Resources
Standard
Victory
Conquest
Starting age
Dark Age
Ending age
Imperial Age
RankedLock teamsTeams togetherTeam positionsShared explorationLock speedFull tech treeHidden civsTurbo modeCheats
Victory
Defeat
🇦🇷 Ethiopians · Argentina
1596
+12
🇨🇦 Spanish · Canada
1507
+15
🇵🇱 Hindustanis · Poland
1480
+16
🇳🇿 Britons · New Zealand
1428
+20
🇧🇷 Huns · Brazil
1594
-19
🇧🇷 Ethiopians · Brazil
1565
-19
🇧🇷 Hindustanis · Brazil
1558
-18
🇧🇷 Georgians · Brazil
1255
-7
Cinnamoroll
5:42 Loom
15:33 Feudal Age
19:30 Castle Age
17:40 Double-Bit Axe
18:40 Gold Mining
18:33 Fishing Lines
21:21 Sanctity
21:57 Scale Barding Armor
24:54 Bow Saw
25:03 Fervor
25:33 Husbandry
26:04 Bloodlines
27:07 Redemption
27:06 Horse Collar
27:13 Town Watch
29:26 Chain Barding Armor
Not Ben
7:17 Loom
14:07 Feudal Age
18:28 Castle Age
17:03 Double-Bit Axe
17:06 Horse Collar
20:29 Wheelbarrow
21:15 Forging
21:11 Scale Barding Armor
27:10 Bow Saw
28:03 Chain Barding Armor
28:19 Iron Casting
28:57 Hand Cart
28:27 Town Watch
29:40 Iron Casting
32:58 Imperial Age
30:38 Fletching
30:49 Padded Archer Armor
31:19 Bodkin Arrow
30:51 Pikeman
32:36 Leather Archer Armor
32:43 Ballistics
34:55 Chemistry
33:55 Bracer
34:26 Ring Archer Armor
EL_REY_TUT
4:16 Loom
13:33 Feudal Age
12:43 Loom
17:02 Castle Age
15:31 Double-Bit Axe
17:29 Crossbowman
18:54 Fletching
23:16 Bodkin Arrow
24:27 Bow Saw
28:03 Horse Collar
29:36 Wheelbarrow
33:22 Ballistics
AfricanNija
3:31 Loom
12:45 Feudal Age
15:10 Town Watch
26:29 Wheelbarrow
28:29 Castle Age
27:06 Double-Bit Axe
29:50 Wheelbarrow
29:27 Bow Saw
31:18 Horse Collar
[KMNB] Bandeira
8:36 Loom
13:05 Feudal Age
13:53 Double-Bit Axe
19:04 Forging
20:14 Scale Barding Armor
25:38 Castle Age
24:29 Bloodlines
24:59 Gold Mining
27:43 Husbandry
28:40 Iron Casting
Fs.Khronos
5:04 Loom
11:54 Feudal Age
12:36 Double-Bit Axe
15:24 Fletching
20:48 Castle Age
20:36 Padded Archer Armor
21:51 Bodkin Arrow
23:14 Wheelbarrow
22:54 Bow Saw
22:34 Elite Skirmisher
25:46 Horse Collar
31:55 Ballistics
[KMNB] RAGNAR
8:53 Loom
12:24 Feudal Age
14:48 Double-Bit Axe
16:35 Scale Barding Armor
18:07 Forging
20:00 Bloodlines
25:59 Castle Age
25:09 Stone Mining
25:37 Gold Mining
25:30 Horse Collar
29:31 Iron Casting
30:16 Bow Saw
30:43 Stone Shaft Mining
32:00 Wheelbarrow
33:59 Husbandry
[KMNB] Galodoido
11:08 Feudal Age
9:56 Loom
14:42 Fletching
18:38 Padded Archer Armor
18:23 Double-Bit Axe
26:04 Castle Age
25:38 Double-Bit Axe
25:45 Gold Mining
25:35 Horse Collar
27:04 Bow Saw
26:46 Crossbowman
28:18 Bodkin Arrow
29:51 Devotion
30:16 Ballistics
33:51 Leather Archer Armor
32:57 Elite Skirmisher
33:43 Thumb Ring
Connection lost

Rejoining the realm…

Still unreachable

The connection could not be restored.

Session expired

The server has moved on; the page needs a fresh start.